[ PARTIDA AOE2 · #476435578 ]
UnrankedJemeres vs Portuguese
[ ANÁLISIS DE REPETICIÓN · EXTRAÍDO DE LA PARTIDA GRABADA ]
Feudal
—
Castillos
—
Imperial
—
| APM promedio | 17.4 |
| APM pico | 23 |
| eAPM promedio | 15.2 |
| Aldeanos / militares | 5 / 0 |
Foco
⚔️ 0.0% · 🌾 100.0%
Feudal
—
Castillos
—
Imperial
—
| APM promedio | 34.1 |
| APM pico | 40 |
| eAPM promedio | 19.6 |
| Aldeanos / militares | 5 / 0 |
Foco
⚔️ 0.0% · 🌾 100.0%
Feudal
—
Castillos
—
Imperial
—
| APM promedio | 2.2 |
| APM pico | 3 |
| eAPM promedio | 2.2 |
| Aldeanos / militares | 0 / 0 |
Feudal
—
Castillos
—
Imperial
—
| APM promedio | 9.4 |
| APM pico | 10 |
| eAPM promedio | 5.8 |
| Aldeanos / militares | 4 / 0 |
Foco
⚔️ 0.0% · 🌾 100.0%
Feudal
—
Castillos
—
Imperial
—
| APM promedio | 2.2 |
| APM pico | 3 |
| eAPM promedio | 2.2 |
| Aldeanos / militares | 0 / 0 |
Feudal
—
Castillos
—
Imperial
—
| APM promedio | 26.8 |
| APM pico | 26 |
| eAPM promedio | 13.1 |
| Aldeanos / militares | 3 / 0 |
Foco
⚔️ 6.7% · 🌾 93.3%
Feudal
—
Castillos
—
Imperial
—
| APM promedio | 18.1 |
| APM pico | 19 |
| eAPM promedio | 14.5 |
| Aldeanos / militares | 5 / 0 |
Foco
⚔️ 0.0% · 🌾 100.0%
Feudal
—
Castillos
—
Imperial
—
| APM promedio | 31.9 |
| APM pico | 42 |
| eAPM promedio | 18.9 |
| Aldeanos / militares | 4 / 0 |
Foco
⚔️ 0.0% · 🌾 100.0%
Mapa de la partida
Recursos iniciales + cada clic de construcción. Líneas = muros · curvas = relieve. ◆ oro · ⬟ piedra · ● bayas · ✦ reliquia · ◌ hueco del cierre
Tu base
Base de Chicle
Base de fraan312
Base de airwb01
Base de Hitower
Base de luchoorg.arce
Base de Nefos777
Base de Cheong1206
Terreno inicial suavizado · ◌ = hueco del cierre detectado · pasá el cursor para detalles
Inputs por minuto
— Shri - - Chicle
Build order — Shri
7 acciones detectadas en el replay
| 0:02 | Crear | Villager (Male) |
| 0:02 | Crear | Villager (Male) |
| 0:03 | Crear | Villager (Male) |
| 0:03 | Crear | Villager (Male) |
| 0:03 | Crear | Villager (Male) |
| 0:06 | Construir | House |
| 0:09 | Construir | House |
Build order — Chicle
7 acciones detectadas en el replay
| 0:03 | Crear | Villager (Male) |
| 0:03 | Crear | Villager (Male) |
| 0:03 | Crear | Villager (Male) |
| 0:05 | Construir | House |
| 0:07 | Construir | House |
| 0:45 | Crear | Villager (Male) |
| 0:45 | Crear | Villager (Male) |
Build order — fraan312
0 acciones detectadas en el replay
Build order — airwb01
5 acciones detectadas en el replay
| 0:45 | Crear | Villager (Male) ×4 |
| 0:52 | Construir | House |
| 0:53 | Construir | House |
| 0:55 | Construir | House |
| 1:00 | Construir | Mill |
Build order — Hitower
0 acciones detectadas en el replay
Build order — luchoorg.arce
8 acciones detectadas en el replay
| 0:02 | Crear | Villager (Male) |
| 0:02 | Investigar | Loom |
| 0:05 | Construir | House |
| 0:14 | Crear | Villager (Male) |
| 0:26 | Crear | Villager (Male) |
| 0:40 | Construir | House |
| 0:41 | Construir | House |
| 0:43 | Construir | House |
Build order — Nefos777
7 acciones detectadas en el replay
| 0:50 | Construir | House |
| 0:52 | Construir | House |
| 0:55 | Crear | Villager (Male) |
| 0:56 | Crear | Villager (Male) |
| 0:56 | Crear | Villager (Male) |
| 0:56 | Crear | Villager (Male) |
| 0:56 | Crear | Villager (Male) |
Build order — Cheong1206
6 acciones detectadas en el replay
| 0:03 | Construir | House |
| 0:04 | Crear | Villager (Male) |
| 0:04 | Crear | Villager (Male) |
| 0:13 | Construir | House |
| 0:25 | Crear | Villager (Male) |
| 0:25 | Crear | Villager (Male) |
Cronología de la partida
| 0:05 | Hitower · resign |
[ ANÁLISIS IA · 1 CRÉDITO ]
¿Qué pasó realmente en esta partida?
Wolo.gg analiza cada decisión: build order, eco, micro, errores típicos por bracket. Análisis personalizado por WhatsApp o Discord en 30 segundos.
Guía civ
Jemeres
Perfil
Jugador #3447496